AoeStats
← PilgrimSoul

Arabia

505644926Analyzed
1v1 RM · 22d ago on Sep 10, 2026· 31m 52s· 2 players
Game mode
Random Map
Map size
Tiny (2 player)
Population
200
Speed
Normal
Resources
Standard
Victory
Conquest
Starting age
Dark Age
Ending age
Imperial Age
RankedLock teamsTeams togetherTeam positionsShared explorationLock speedFull tech treeHidden civsTurbo modeCheats
Victory
Defeat
🇮🇹 Armenians · Italy
1078
+15
🇫🇷 Spanish · France
1065
-15
benjfry
8:11 Loom
10:52 Feudal Age
18:54 Fletching
20:50 Padded Archer Armor
24:58 Castle Age
24:30 Stone Mining
26:13 Double-Bit Axe
26:50 Bodkin Arrow
28:02 Leather Archer Armor
PilgrimSoul
7:18 Loom
9:54 Feudal Age
10:35 Man-at-Arms
12:02 Long Swordsman
12:55 Arson
15:46 Horse Collar
16:43 Scale Mail Armor
18:46 Forging
21:55 Fletching
22:05 Padded Archer Armor
24:02 Wheelbarrow
26:46 Castle Age
28:06 Gold Mining
28:15 Double-Bit Axe
29:20 Iron Casting
29:03 Chain Mail Armor
30:19 Leather Archer Armor
30:38 Two-Handed Swordsman
Connection lost

Rejoining the realm…

Still unreachable

The connection could not be restored.

Session expired

The server has moved on; the page needs a fresh start.